 Dungeon Sprint DCSS version 0.05.32-9-g41400a7998 (webtiles) character file.

Game seed: 5814980178614216066, levelgen mode: deterministic

505 pasperui the Cruncher (level 6, -1/85 HPs) Lignifite Fighter. Began on Oct 17, 2021. Was a Believer of Fedhas Madash. Slain by an efreet ... wielding a +4 scimitar of molten steel (16 damage) ... in the Dungeon (Sprint VII: "The Pits"). The game lasted 00:10:19 (697 turns).

pasperui the Cruncher (Lignifite Fighter)            Turns: 697, Time: 00:10:21

Health: -1/85      AC:  1    Str: 29    XL:     6 ^: 11
Magic:  7/7        EV: 15    Int:  9    God:    Fedhas Madash [2* [65]]
Gold:   0          SH:  5    Dex:  7    Spells: 5/5 levels left

rFire    x . .     Vision   .   q - +2 mace
rCold    . . .     Gourm    .   c - +0 buckler
rNeg     . . .     Faith    .   b - +0 robe
rCorr    . . .     Spirit   .   (helmet restricted)
rPois    +         Reflect  .   (no cloak)
rElec    .         Harm     .   (gloves unavailable)
MR       .....     NoTele   +   (boots unavailable)
Stlth    ..........             (no amulet)
HPRegen  0.38/turn              (no ring)
MPRegen  0.17/turn              (no ring)

@: berserking, very quick
A: small, branches (SH +, deformed body 1, speed 2, poison resistance, slow
metabolism 1, torment resistance, plant, woody flesh (rF-) 1, rot immunity
a: Fungal Bloom, Sunlight, Evolution, Renounce Religion


You were in the Dungeon.
You worshipped Fedhas Madash.
Fedhas Madash was pleased with you.
You were not hungry.

You visited 1 branch

Inventory:

Weapons
 a - a +0 morningstar
 q - a +2 mace (weapon)
 t - a +2 whip of freezing
 u - a +1 flail of crushing Shields
 c - a +0 buckler (shield)
Armour
 b - a +0 robe (worn)
Wands
 r - a wand of flame (1)
Scrolls
 k - a scroll of blinking
 m - a scroll of bless item
 o - a scroll of summoning
Potions
 d - a potion of might
 e - 6 potions of curing
 g - 7 potions of heal wounds
 h - a potion of haste
 i - 4 potions of magic
 j - a potion of berserk rage
 l - 2 potions of invisibility
 n - 5 potions of amnesia
Miscellaneous
 p - a crystal ball of energy
Comestibles
 f - 9 rations
 s - 3 chunks of flesh


   Skills:
 * Level 8.5 Fighting
 - Level 3.4(8.5) Whips & Flails
 - Level 11.9(12.1) Maces & Staves
 - Level 5.4 Dodging
 - Level 3.0 Shields


You had 5 spell levels left.
You didn't know any spells.
Your spell library was empty.

Dungeon Overview and Level Annotations

Branches:
Dungeon (1/1)

Altars:
Ashenzari
Cheibriados
Dithmenos
Elyvilon
Fedhas Madash
Gozag Ym Sagoz
Hepliaklqana
Kikubaaqudgha
Makhleb
Nemelex Xobeh
Okawaru
Qazlal
Ru
Sif Muna
Trog
Uskayaw
Vehumet
Wu Jian
Xom
Yredelemnul
Zin
The Shining One Bahamut & Tiamat
Beogh
Jiyva
Lugonu


Innate Abilities, Weirdness & Mutations

You are small and have problems with some larger weapons.
A tangle of shorter branches protects your body from attack. (SH +3)
Armour fits poorly on your strangely shaped body.
You cover ground very quickly.
Your system is resistant to poisons. (rPois)
You have a slow metabolism.
You are immune to unholy pain and torment.
You require very little carbon dioxide to survive.
Your woody flesh burns easily. (rF-)
You are immune to rotting.


Message History

There is an open door, spattered with blood here.
You see here a yak skeleton.
There is an open door, spattered with blood here.
Unknown command.
You start waiting.
You hear a distant slurping noise. x2
The efreet is too close now for your liking.
Okay, then.
A red film seems to cover your vision as you go berserk!
You feel yourself moving faster!
You feel mighty!
The efreet hits you with a +4 scimitar of molten steel (13)!
The efreet burns you (19)!!
You hit the efreet (3).
The efreet is lightly wounded. (36/39) HP You hear a distant slurping noise.
The efreet hits you with a +4 scimitar of molten steel (11)!
* * * LOW HITPOINT WARNING * * *
The efreet burns you (16)!
You die...
Fedhas Madash appreciates your contribution to the ecosystem.

#.#..†.....##.......#
#.#........##.......#
#'###########.......#
#.......#PP##########
#..###..#P######
#.......#P#....#
##.###.##P#GR..#
#.......#.'D☼○☼+
#..###.@#P#§§..#
#.......R.# .D.#
########### ###


You could see an efreet.

Vanquished Creatures
  A yak (D)
  A necrophage (D)
  An eye of draining (D)
  Blork the orc (D)
  A crimson imp (D)
  2 giant cockroaches (D)
  An iron imp (D)
  A gnoll (D)
  A worm (D)
  An ufetubus (D)
  A ball python (D)
  7 jackals (D)
  2 quokkas (D)
  2 bats (D)
  2 kobolds (D)
  A rat (D)
26 creatures vanquished.

Vanquished Creatures (others)
  7 toadstools (D)
7 creatures vanquished.

Grand Total: 33 creatures vanquished

Notes
Turn   | Place    | Note
-------+----------+-------------------------------------------
     0 | D        | pasperui the Lignifite Fighter began the quest for the Orb.
     0 | D        | Reached XP level 1. HP: 16/16 MP: 2/2
    51 | D        | Reached skill level 3 in Maces & Staves
    64 | D        | Reached skill level 6 in Maces & Staves
    64 | D        | Reached XP level 2. HP: 21/21 MP: 3/3
    94 | D        | Reached XP level 3. HP: 7/27 MP: 4/4
   110 | D        | Reached skill level 5 in Fighting
   225 | D        | Noticed Blork the orc
   275 | D        | Killed Blork the orc
   275 | D        | Reached skill level 5 in Dodging
   275 | D        | Reached XP level 4. HP: 35/35 MP: 5/5
   278 | D        | Reached skill level 7 in Maces & Staves
   278 | D        | Reached XP level 5. HP: 39/39 MP: 6/6
   328 | D        | Noticed a necrophage
   351 | D        | Killed a necrophage
   351 | D        | Reached skill level 10 in Maces & Staves
   368 | D        | Found a shimmering blue altar of Sif Muna.
   368 | D        | Found a sacrificial altar of Ru.
   368 | D        | Found a hazy altar of Hepliaklqana.
   368 | D        | Found an opulent altar of Gozag.
   368 | D        | Found a blossoming altar of Fedhas.
   369 | D        | Found a glowing golden altar of the Shining One.
   369 | D        | Found a glowing silver altar of Zin.
   369 | D        | Found a basalt altar of Yredelemnul.
   369 | D        | Found a shimmering altar of Xom.
   369 | D        | Found an ornate altar of the Wu Jian Council.
   369 | D        | Found a radiant altar of Vehumet.
   369 | D        | Found a stormy altar of Qazlal.
   369 | D        | Found an iron altar of Okawaru.
   369 | D        | Found a sparkling altar of Nemelex Xobeh.
   369 | D        | Found a burning altar of Makhleb.
   369 | D        | Found a corrupted altar of Lugonu.
   369 | D        | Found a white marble altar of Elyvilon.
   369 | D        | Found a shadowy altar of Dithmenos.
   369 | D        | Found a snail-covered altar of Cheibriados.
   369 | D        | Found an ornate altar of Bahamut and Tiamat.
   369 | D        | Noticed an eye of draining
   378 | D        | Found a hide-covered altar of Uskayaw.
   378 | D        | Found an ancient bone altar of Kikubaaqudgha.
   378 | D        | Found a roughly hewn altar of Beogh.
   379 | D        | Found a viscous altar of Jiyva.
   379 | D        | Found a bloodstained altar of Trog.
   379 | D        | Found a shattered altar of Ashenzari.
   393 | D        | Killed an eye of draining
   393 | D        | Reached skill level 11 in Maces & Staves
   393 | D        | Reached XP level 6. HP: 51/51 MP: 0/7
   453 | D        | Noticed a yak
   468 | D        | Killed a yak
   626 | D        | Became a worshipper of Fedhas Madash the Flourishing
   663 | D        | Reached * piety under Fedhas Madash
   663 | D        | Reached ** piety under Fedhas Madash
   665 | D        | Noticed an efreet
   665 | D        | Noticed a steam dragon
   697 | D        | Slain by an efreet

Levels and vault maps discovered:
D:        pitsprint [storerooms_1, entrance_room_1, metal_vault_3, armoury_1,
          mini_pit_1, grid_room_1, main_hall_1, silver_pit, the_coven_2,
          the_vestibule_1, steel_vault_2, golden_pit, hallway_of_sentries,
          crystal_vault_4, iron_vault_5, final_vault]

Skill      XL: |  1  2  3  4  5  6 |
---------------+-------------------+-----
Maces & Staves | 6 7 11 | 11.9
Fighting       | 4 5 8 |  8.5
Whips & Flails | 3 |  3.4
Dodging        | 5 |  5.4
Shields        | |  3.0

Action                   |  1- 3 |  4- 6 || total
-------------------------+-------+-------++-------
Melee: Mace              |    36 |    81 ||   117
       Morningstar       |     1 |       ||     1
Invok: Fungal Bloom      |       |     1 ||     1
  Use: Potion            |     1 |     1 ||     2
Armor: Robe              |     1 |     1 ||     2
Dodge: Dodged            |    35 |    53 ||    88
Block: Buckler           |       |     1 ||     1
